 Dungeon Crawl Stone Soup version 0.28.0-53-g5a82cb258f (webtiles) character file.

Game seed: 1283649459388066997

2071 Jerry the Carver (level 9, -5/94 HPs)
             Began as a Human Fighter on June 21, 2022.
             Was an Initiate of Gozag.
             Slain by a manticore (7 damage)
             ... on level 7 of the Dungeon.
             The game lasted 00:20:01 (8930 turns).

Jerry the Carver (Human Fighter)                    Turns: 8930, Time: 00:20:03

Health: -5/94      AC:  9    Str: 18    XL:     9   Next: 50%
Magic:  9/9        EV: 10    Int: 10    God:    Gozag
Gold:   621        SH:  5    Dex: 14    Spells: 8/8 levels left

rFire   . . .      SeeInvis .   a - +0 long sword
rCold   + . .      Faith    .   c - +0 buckler
rNeg    . . .      Spirit   .   w - +2 ring mail {rC+}
rPois   .          Reflect  .   (no helmet)
rElec   .          Harm     .   s - +0 cloak
rCorr   .          Rampage  .   (no gloves)
Will    .....                   (no boots)
Stlth   ..........              (no amulet)
HPRegen 0.25/turn               (no ring)
MPRegen 0.11/turn               (no ring)

@: berserking, gold aura, very quick
A: no striking features
a: Renounce Religion, Potion Petition, Call Merchant, Bribe Branch


You were on level 7 of the Dungeon.
You worshipped Gozag.
Gozag was pleased with you.
You visited 2 branches of the dungeon, and saw 8 of its levels.
You also visited: Sewer.

You collected 698 gold pieces.
You paid 77 gold pieces to Gozag.

Inventory:

Hand Weapons
 a - a +0 long sword (weapon)
 d - a +0 rapier
Missiles
 k - 13 poisoned darts (quivered)
 n - a throwing net
 u - 2 curare-tipped darts
Armour
 b - a +0 scale mail
 c - a +0 buckler (worn)
 s - a +0 cloak (worn)
 w - a +2 ring mail of cold resistance (worn)
Wands
 m - a wand of flame (10)
 p - a wand of iceblast (4)
Scrolls
 e - 3 scrolls of identify
 q - 2 scrolls of teleportation
 t - 2 scrolls of blinking {unknown}
 v - a scroll of amnesia {unknown}
 x - a scroll of silence {unknown}
Potions
 f - 2 potions of brilliance
 g - a potion of berserk rage
 h - a potion of haste
 i - 5 potions of heal wounds
 j - 5 potions of curing
 l - a potion of attraction
 o - a potion of mutation
 r - a potion of resistance


   Skills:
 - Level 3.0 Fighting
 * Level 9.2 Long Blades
 + Level 7.0 Armour
 - Level 5.5 Shields


You had 8 spell levels left.
You didn't know any spells.
Your spell library contained the following spells:

 Spells                   Type           Power      Damage    Failure   Level
 Summon Small Mammal      Summ           0%         N/A       63%         1
 Corpse Rot               Necr/Air       0%         N/A       77%         2
 Poisonous Vapours        Pois/Air       0%         N/A       77%         2
 Sublimation of Blood     Necr           0%         N/A       77%         2
 Call Canine Familiar     Summ           0%         N/A       94%         3
 Gell's Gravitas          Tloc           0%         N/A       94%         3
 Lesser Beckoning         Tloc           0%         N/A       94%         3
 Summon Guardian Golem    Hex/Summ       0%         N/A       94%         3
 Teleport Other           Tloc           0%         N/A       94%         3
 Hailstorm                Conj/Ice       0%         3d3       100%        4
 Ice Form                 Ice/Tmut       0%         N/A       100%        4
 Petrify                  Tmut/Erth      0%         N/A       100%        4
 Irradiate                Conj/Tmut      0%         3d14      100%        5
 Simulacrum               Ice/Necr       0%         N/A       100%        6


Dungeon Overview and Level Annotations

Branches:
Dungeon (7/15)             Temple (1/1) D:5           Sewer (visited)

Altars:
Cheibriados
Dithmenos
Fedhas
Gozag
Hepliaklqana
Kikubaaqudgha
Makhleb
Nemelex Xobeh
Okawaru
Qazlal
Ru
Sif Muna
Trog
Uskayaw
Wu Jian
Xom
Yredelemnul
Zin
The Shining One

Annotations:
D:5 Sigmund


Message History

The manticore claws you.
You closely miss the manticore.
The orc is no longer distracted by gold.
You block the manticore's attack. The manticore claws you!
The manticore closely misses you.
You are too injured to fight recklessly!
You are too injured to fight recklessly!
You are too injured to fight recklessly!
You are too injured to fight recklessly!
You are too injured to fight recklessly!
You are too injured to fight recklessly!
You are too injured to fight recklessly!
A red film seems to cover your vision as you go berserk!
You feel yourself moving faster!
You feel mighty!
The manticore is distracted by your dazzling golden aura.
You barely miss the manticore.
The manticore is no longer distracted by gold.
The phantom is no longer distracted by gold.
You closely miss the manticore. The manticore bites you!!
* * * LOW HITPOINT WARNING * * *
You block the manticore's attack. The manticore barely misses you.
You closely miss the manticore.
The manticore bites you but does no damage.
The manticore claws you but does no damage.
The manticore claws you!
* * * LOW HITPOINT WARNING * * *
You slash the manticore!
The manticore is lightly wounded.
You barely miss the manticore.
The manticore is lightly wounded.
The manticore completely misses you. The manticore closely misses you.
The manticore claws you!
* * * LOW HITPOINT WARNING * * *
You hit the manticore.
The manticore is moderately wounded.
You block the manticore's attack. The manticore claws you!
* * * LOW HITPOINT WARNING * * *
The manticore claws you!
You die...
Your body crumbles into a pile of gold.

#..# #.>...# #..## ....?
##...####.## .....
#........... ...
####...####.#.
.o................
#W####.....##.###. #H#
#.###.##....( #######@#
#.# #.....#..
......$.####.###.##.....
######........)..#######
#############


You could see a manticore, a phantom and an orc.

Vanquished Creatures
  Pikel (D:5)
  A water moccasin (D:6)
  A sky beast (D:5)
  An ice beast (D:7)
  An ogre (D:3)
  A necrophage (D:7)
  A centaur (D:6)
  2 kobold brigands (D:6)
  A bullfrog (D:3)
  A wyvern zombie (D:7)
  A scorpion (D:5)
  A centaur zombie (D:6)
  4 hounds
  A jelly (D:4)
  A gnoll shaman (D:7)
  An orc priest (D:6)
  2 bullfrog skeletons
  5 orc wizards
  A scorpion zombie (D:5)
  A hell rat (Sewer)
  6 adders
  2 howler monkey skeletons
  7 gnolls
  3 river rats (Sewer)
  A shadow imp (D:6)
  2 white imps
  2 adder skeletons
  6 worms
  3 dart slugs
  7 orcs
  2 ball pythons
  4 endoplasms
  A giant cockroach (D:6)
  4 goblins
  6 hobgoblins
  12 kobolds
  6 quokkas
  6 bats
  A frilled lizard (D:3)
  11 rats
121 creatures vanquished.

Notes
Turn   | Place    | Note
-------+----------+-------------------------------------------
     0 | D:1      | Jerry the Human Fighter began the quest for the Orb.
     0 | D:1      | Reached XP level 1. HP: 18/18 MP: 1/1
   285 | D:1      | Reached XP level 2. HP: 23/24 MP: 2/2
   458 | D:1      | Found a faded altar of an unknown god.
  1152 | D:2      | Reached XP level 3. HP: 24/29 MP: 3/3
  1606 | D:2      | Reached skill level 3 in Long Blades
  1739 | D:2      | Noticed a scorpion
  1763 | D:2      | Reached XP level 4. HP: 35/35 MP: 4/4
  2623 | D:3      | Noticed an ogre
  2635 | D:3      | Killed an ogre
  2636 | D:3      | Reached skill level 4 in Long Blades
  2636 | D:3      | Reached XP level 5. HP: 41/41 MP: 5/5
  2858 | D:3      | Noticed a bullfrog
  2867 | D:3      | Killed a bullfrog
  2868 | D:3      | Reached XP level 6. HP: 34/47 MP: 6/6
  4237 | D:4      | Found a shadowy altar of Dithmenos.
  4559 | D:4      | Reached skill level 5 in Long Blades
  4802 | D:5      | Entered Level 5 of the Dungeon
  4854 | D:5      | Noticed Pikel
  4872 | D:5      | Killed Pikel
  4873 | D:5      | Reached skill level 6 in Long Blades
  4873 | D:5      | Reached skill level 5 in Armour
  4873 | D:5      | Reached skill level 5 in Shields
  4873 | D:5      | Reached XP level 7. HP: 21/52 MP: 7/7
  4873 | D:5      | Reached XP level 8. HP: 24/58 MP: 8/8
  5800 | D:5      | Found a staircase to the Ecumenical Temple.
  5809 | Temple   | Entered the Ecumenical Temple
  6016 | Temple   | Became a worshipper of Gozag Ym Sagoz the Greedy
  6481 | D:5      | Reached skill level 7 in Long Blades
  6678 | D:5      | Noticed Sigmund
  6963 | D:6      | Found a glowing drain.
  7019 | Sewer    | Entered a sewer
  7495 | D:6      | Reached XP level 9. HP: 59/63 MP: 9/9
  7506 | D:6      | Reached skill level 8 in Long Blades
  8826 | D:7      | Reached skill level 9 in Long Blades
  8914 | D:7      | Noticed a manticore
  8930 | D:7      | HP: 2/94 [manticore (7)]
  8930 | D:7      | Slain by a manticore

Illustrated notes

Levels and vault maps discovered:
D:1:      evilmike_arrival_crescent, layout_basic,
          ebering_ecumenical_altar_abandoned
D:2:      layout_rooms, chequers_big_river, lightli_corner_chamber
D:3:      layout_basic, st_stairs_4, wad_floor_pattern_untrapped,
          kennysheep_generic_room_15
D:4:      layout_loops_ring, nicolae_dithmenos_shadow_blocks
D:5:      layout_layer_cave, minmay_temple_entry_wispy, uniq_pikel, uniq_sigmund
D:6:      layout_basic, portal_sewer_entry_a
D:7:      layout_loops_ring
Temple:   hc_temple_tempest_star

Skill      XL: |  1  2  3  4  5  6  7  8  9 |
---------------+----------------------------+-----
Long Blades    | 3 4 6 7 9 |  9.2
Armour         | 4 5 6 7 |  7.0
Shields        | 4 5 |  5.5
Fighting       | |  3.0

Action                   |  1- 3 |  4- 6 |  7- 9 || total
-------------------------+-------+-------+-------++-------
Melee: Long sword        |    83 |   158 |   326 ||   567
  Use: Potion            |       |     2 |     2 ||     4
       Scroll            |       |     6 |     4 ||    10
 Stab: Distracted        |       |       |     1 ||     1
Armor: Scale mail        |    59 |    51 |   107 ||   217
       Ring mail         |       |       |    20 ||    20
Dodge: Dodged            |    41 |    68 |   123 ||   232
Block: Buckler           |    22 |    25 |    75 ||   122
